 Dungeon Crawl Stone Soup version 0.22.1-2-g9c5b331 (webtiles) character file.

133 Matador8 the Grave Robber (level 4, -8/30 HPs)
             Began as a Demonspawn Necromancer on Dec 22, 2018.
             Killed by divine providence
             ... invoked by an orc priest
              (14 damage)
             ... on level 4 of the Dungeon.
             The game lasted 00:27:21 (2128 turns).

Matador8 the Grave Robber (Demonspawn Necromancer)  Turns: 2128, Time: 00:27:22

Health: -8/30      AC:  5    Str:  9    XL:     4   Next: 93%
Magic:  1/7        EV: 11    Int: 16    God:
Gold:   163        SH:  0    Dex: 14    Spells: 2/7 levels left

rFire    + . .     SeeInvis .   b - +0 hand axe (venom)
rCold    . . .     Gourm    .   (no shield)
rNeg     . . .     Faith    .   j - +0 leather armour
rPois    .         Spirit   .   (no helmet)
rElec    .         Reflect  .   (no cloak)
rCorr    .         Harm     .   (no gloves)
MR       .....                  (no boots)
Stlth    ++........             (no amulet)
HPRegen  0.10/turn              (no ring)
MPRegen  0.10/turn              (no ring)

@: no status effects
A: icy blue scales 1, fire resistance 1
a: no special abilities


You were on level 4 of the Dungeon.
You were not hungry.

You visited 1 branch of the dungeon, and saw 4 of its levels.

You collected 163 gold pieces.

Inventory:

Hand Weapons
 b - a +0 hand axe of venom (weapon)
Armour
 a - a +0 robe
 d - a +0 ring mail
 j - a +0 leather armour (worn)
 k - a +0 ring mail
Jewellery
 e - a cursed ring of attention {unknown}
Wands
 o - a wand of polymorph (14)
Scrolls
 f - 4 scrolls of remove curse {unknown}
 g - 4 scrolls of identify {unknown}
 l - a scroll of teleportation {unknown}
 q - a scroll of fear {unknown}
Potions
 h - a potion of lignification {unknown}
 i - a potion of agility
 m - a potion of mutation {unknown}
 n - a potion of curing {unknown}
Comestibles
 c - 10 rations
 p - 5 chunks of flesh


   Skills:
 + Level 2.2 Axes
 - Level 1.7 Dodging
 - Level 2.2 Stealth
 - Level 2.0 Spellcasting
 + Level 5.9 Necromancy


You had 2 spell levels left.
You knew the following spells:

 Your Spells              Type           Power        Failure   Level  Hunger
a - Pain                  Necr           ###.         2%          1    #......
b - Animate Skeleton      Necr           N/A          2%          1    #......
c - Vampiric Draining     Necr           ###.......   8%          3    ###....

Your spell library contained the following spells:

 Spells                   Type           Power        Failure   Level  Hunger
 Confusing Touch          Hex            #.....       28%         1    #......
 Regeneration             Chrm/Necr      ##........   26%         3    ###....
 Animate Dead             Necr           N/A          26%         4    #####..
 Confuse                  Hex            #.......     65%         3    ###....
 Gell's Gravitas          Tloc           #.........   65%         3    ###....
 Petrify                  Tmut/Erth      #.......     96%         4    #####..
 Metabolic Englaciation   Hex/Ice        #.........   100%        5    ######.
 Yara's Violent Unravell  Hex/Tmut       #.........   100%        5    ######.


Dungeon Overview and Level Annotations

Branches:
Dungeon (4/15)
 Temple: D:4-7

Altars:


Innate Abilities, Weirdness & Mutations

You are partially covered in icy blue scales. (AC +2)
Your flesh is heat resistant. (rF+)


Message History

Something hits your jackal skeleton but does no damage.
The orc priest invokes the aid of Beogh against you.
Pain shoots through your body!
* * * LOW HITPOINT WARNING * * *
Your jackal skeleton bites the orc priest but does no damage.
The orc completely misses your jackal skeleton.
You hit the orc priest but do no damage.
The orc priest is poisoned.
The orc priest is moderately wounded.
Something barely misses your jackal skeleton.
The orc priest hits you with a mace.
* * * LOW HITPOINT WARNING * * *
Your jackal skeleton bites the orc priest but does no damage.
Something hits your jackal skeleton.
The orc hits your jackal skeleton with a dagger.
Your jackal skeleton is destroyed!
The orc priest shouts!
The orc priest mumbles some strange prayers to Beogh against you.
Beogh smites you!
You die...

## ..(####.........
#..............
##........(....
#..............
#.............. ##
##.............. ##..##
####..........####.
......#####..........####
#. ........ooo.@......###
. ....(.....o.#####..####
# ..............## ##.##
.............oZ# #..#
..............o.# #..#
..........!......###.##
.................# #..#
..................###.#
#..................##.##


You could see an orc priest, 2 orc wizards and an orc.

Vanquished Creatures
  2 worker ants (D:4)
  An adder (D:2)
  2 oozes (D:2)
  2 worms (D:2)
  2 dart slugs (D:1)
  A leopard gecko (D:2)
  An orc (D:3)
  2 giant cockroaches
  8 goblins
  3 hobgoblins (D:2)
  6 jackals
  3 bats
  5 frilled lizards
  A kobold (D:1)
  7 rats
46 creatures vanquished.

Vanquished Creatures (collateral kills)
  An adder (D:4)
  A dart slug (D:1)
  A goblin (D:1)
  A kobold (D:2)
4 creatures vanquished.

Grand Total: 50 creatures vanquished

Notes
Turn   | Place    | Note
-------+----------+-------------------------------------------
     0 | D:1      | Matador8 the Demonspawn Necromancer began the quest for the
                  | Orb.
     0 | D:1      | Reached XP level 1. HP: 13/13 MP: 3/3
    71 | D:1      | Learned a level 1 spell: Animate Skeleton
   301 | D:1      | Gained mutation: Your flesh is heat resistant. (rF+)
                  | [demonic ancestry]
   301 | D:1      | Reached XP level 2. HP: 14/19 MP: 0/5
   599 | D:1      | Reached skill level 5 in Necromancy
   763 | D:2      | Gained mutation: You are partially covered in icy blue
                  | scales. (AC +2) [demonic ancestry]
   763 | D:2      | Reached XP level 3. HP: 23/24 MP: 6/6
   775 | D:2      | Learned a level 3 spell: Vampiric Draining
  1104 | D:2      | Reached skill level 1 in Axes
  1654 | D:3      | Reached XP level 4. HP: 29/30 MP: 4/7
  1666 | D:3      | Noticed a centaur
  2128 | D:4      | Killed from afar by an orc priest

Skill      XL: |  1  2  3  4 |
---------------+-------------+-----
Stealth        | 2 |  2.2
Necromancy     | 5 |  5.9
Axes           | 1 2 |  2.2
Dodging        | |  1.7
Spellcasting   | |  2.0

Action                   |  1- 3 |  4- 6 || total
-------------------------+-------+-------++-------
Melee: Dagger            |    14 |       ||    14
       Hand axe          |    83 |    21 ||   104
 Cast: Pain              |    17 |    10 ||    27
       Animate Skeleton  |    10 |     3 ||    13
       Vampiric Draining |     2 |     1 ||     3
 Stab: Sleeping          |     3 |     1 ||     4
       Distracted        |     1 |       ||     1
  Eat: Chunk             |     3 |     2 ||     5
Armor: Robe              |     2 |       ||     2
       Leather armour    |    27 |    10 ||    37
Dodge: Dodged            |    54 |     9 ||    63
